 Dungeon Crawl Stone Soup version 0.28-a0-804-g60983d4ba9 (webtiles) character file.

Game seed: 16532221055689794424

39 lawman0 the Grasshopper (level 3, -2/28 HPs)
             Began as a Barachi Warper on Nov 7, 2021.
             Slain by a hobgoblin (3 damage)
             ... on level 3 of the Dungeon.
             The game lasted 00:01:44 (2146 turns).

lawman0 the Grasshopper (Barachi Warper)            Turns: 2146, Time: 00:01:45

Health: -2/28      AC:  3    Str: 12    XL:     3   Next: 47%
Magic:  6/6        EV: 11    Int: 14    God:
Gold:   11         SH:  3    Dex: 11    Spells: 4/6 levels left

rFire   . . .      SeeInvis .   a - +0 falchion
rCold   . . .      Faith    .   n - +0 buckler
rNeg    . . .      Spirit   .   b - +0 leather armour
rPois   .          Reflect  .   (no helmet)
rElec   .          Harm     .   (no cloak)
rCorr   .          Rampage  .   (no gloves)
Will    .....                   (no boots)
Stlth   +.........              (no amulet)
HPRegen 0.09/turn               (no ring)
MPRegen 0.10/turn               (no ring)

@: slow
A: amphibious, slowness 1, strong legs 1, +LOS
a: Hop


You were on level 3 of the Dungeon.
You visited 1 branch of the dungeon, and saw 3 of its levels.

You collected 56 gold pieces.
You spent 45 gold pieces at shops.

Inventory:

Hand Weapons
 a - a +0 falchion (weapon)
Missiles
 d - 5 boomerangs of dispersal
 f - 4 poisoned darts (quivered)
Armour
 b - a +0 leather armour (worn)
 n - a +0 buckler (worn)
Jewellery
 i - a ring of see invisible
Scrolls
 c - 2 scrolls of blinking
 e - a scroll of identify {unknown}
 g - a scroll of fog {unknown}
 j - a scroll of amnesia {unknown}
 k - a scroll of summoning {unknown}
 l - a scroll of silence {unknown}
Potions
 h - 2 potions of curing {unknown}
 m - a potion of attraction {unknown}


   Skills:
 + Level 2.5 Fighting
 * Level 3.5 Long Blades
 + Level 1.0 Throwing
 + Level 1.5 Armour
 + Level 2.6 Dodging
 + Level 2.1 Spellcasting
 * Level 3.7 Translocations


You had 4 spell levels left.
You knew the following spells:

 Your Spells              Type           Power      Damage    Failure   Level
a - Blink                 Tloc           24%        N/A       16%         2

Your spell library contained the following spells:

 Spells                   Type           Power      Damage    Failure   Level
 Gell's Gravitas          Tloc           12%        N/A       32%         3
 Lesser Beckoning         Tloc           12%        N/A       32%         3
 Teleport Other           Tloc           12%        N/A       32%         3
 Manifold Assault         Tloc           12%        N/A       96%         5
 Fireball                 Conj/Fire      0%         3d3       100%        5
 Iskenderun's Battlesphe  Conj           1%         2d6       100%        5
 Conjure Ball Lightning   Conj/Air       0%         3x3d6     100%        6
 Orb of Destruction       Conj           0%         N/A       100%        7


Dungeon Overview and Level Annotations

Branches:
Dungeon (3/15)

Altars:

Shops:
D:1 [


Innate Abilities, Weirdness & Mutations

You are amphibious.
You cover ground slowly.
You can hop short distances.
You have an extended range of vision and can be seen from far away.


Message History

* * * LOW HITPOINT WARNING * * *
You are too injured to fight recklessly!
You hit the ball python but do no damage.
The ball python is moderately wounded.
The hobgoblin looks more healthy.
The ball python completely misses you. The ball python constricts you.
Unknown command.
You are too injured to fight recklessly!
Unknown command.
You are too injured to fight recklessly!
You hit the ball python but do no damage.
The ball python is moderately wounded.
The ball python bites you.
* * * LOW HITPOINT WARNING * * *
The ball python constricts you. The ball python bites you.
* * * LOW HITPOINT WARNING * * *
The ball python constricts you.
Unknown command.
You are too injured to fight recklessly!
Unknown command.
You hit the ball python.
You kill the ball python!
You are too injured to fight recklessly!
You hit the hobgoblin.
The hobgoblin is almost dead.
The hobgoblin hits you.
* * * LOW HITPOINT WARNING * * *
You are too injured to fight recklessly!
Unknown command.
Unknown command.
You are too injured to fight recklessly!
You are too injured to fight recklessly!
Unknown command.
You are too injured to fight recklessly!
You slash the hobgoblin!
You kill the hobgoblin!
You are too injured to fight recklessly!
Unknown command.
You closely miss the hobgoblin. The hobgoblin hits you.
You die...

##. .# #... #.# #..#
#.# .. #..# #.# ...
#..# #.# ....# #..#
#.# ..... #..# #.#
.....# #..########.##
.....####!....(g@....#
..............#####..#
...........##........#
.........#.#########.#
#....#...#.### #.#
........##.... #.#
..##....#####. #.#
..##....# #. #.#
........# #. ##>##


You could see a hobgoblin.

Vanquished Creatures
  An adder (D:3)
  A worm (D:2)
  2 endoplasms
  5 giant cockroaches
  A hobgoblin (D:3)
  2 jackals (D:1)
  2 quokkas
  2 ball pythons
  4 bats (D:1)
  3 frilled lizards
  2 kobolds
  2 rats
27 creatures vanquished.

Notes
Turn   | Place    | Note
-------+----------+-------------------------------------------
     0 | D:1      | lawman0 the Barachi Warper began the quest for the Orb.
     0 | D:1      | Reached XP level 1. HP: 17/17 MP: 3/3
   517 | D:1      | Found Doxzi's Armour Shop.
   559 | D:1      | Reached XP level 2. HP: 23/23 MP: 5/5
   571 | D:1      | Learned a level 2 spell: Blink
   639 | D:1      | oh
  1666 | D:2      | Reached XP level 3. HP: 27/28 MP: 6/6
  1835 | D:1      | Bought a +0 buckler for 45 gold pieces
  2144 | D:3      | HP: 1/28 [hobgoblin (4)]
  2146 | D:3      | Slain by a hobgoblin

Illustrated notes

......................
.######...
..................... #
#...
....................###.#
#...
.........................
##..
...#.....................
....
...#........###..$.......
.##.. ...#........#
#.......... ....
...###......###..........
....
................@........
....
.......##................
....
.......##.........#......
.... .......##.........#
..K.. ....
.......##.........# ...#
... .......#####......#
..# .. .......# #......#
.# .......# #......# #
######## ########


Turn 639 on D:1: oh

Levels and vault maps discovered:
D:1:      dpeg_arrival_tiny_e, layout_basic, serial_shops, shop
D:2:      layout_basic
D:3:      layout_loops_ring, skrybe_limestone_x

Skill      XL: |  1  2 |
---------------+-------+-----
Long Blades    | 3 |  3.5
Fighting       | |  2.5
Throwing       | |  1.0
Armour         | |  1.5
Dodging        | |  2.6
Spellcasting   | |  2.1
Translocations | |  3.7

Action                   || total
-------------------------++-------
Melee: Falchion          ||   116
Throw: Dart              ||    11
 Stab: Sleeping          ||     1
Armor: Leather armour    ||    36
Dodge: Dodged            ||    93
Block: Buckler           ||     7

Table legend: (Time is in decaauts)
 A = Elapsed time spent in this place.
 B = Non-inter-level travel time spent in this place.
 C = Inter-level travel time spent in this place.
 D = Time resting spent in this place.
 E = Time spent auto-exploring this place.
 F = Levels seen in this place.
 G = Mean time per level.
                   A        B        C        D        E       F      G
               +--------+--------+--------+--------+--------+-----+--------+
         Total |   2370 |   2223 |    147 |    301 |   1585 |   3 |  790.0 |
       Dungeon |   2370 |   2223 |    147 |    301 |   1585 |   3 |  790.0 |
               +--------+--------+--------+--------+--------+-----+--------+

Top non-repeatable levels by time:
     D:1: 1267 daAuts
     D:2: 823 daAuts
     D:3: 279 daAuts
